 Dungeon Crawl Stone Soup version 0.28-a0-1616-g050a50673c (webtiles) character file.

Game seed: 6478379618156818406

144 croobank the Sneak (level 5, 0/42 HPs)
             Began as a Mummy Delver on Jan 22, 2022.
             Splashed by a jelly's acid (7 damage)
             ... on level 4 of the Dungeon.
             The game lasted 00:12:11 (3039 turns).

croobank the Sneak (Mummy Delver)                   Turns: 3039, Time: 00:12:20

Health: 0/42       AC:  5    Str: 16    XL:     5   Next: 5%
Magic:  3/5        EV: 11    Int:  9    God:
Gold:   122        SH:  0    Dex: 15    Spells: 3/4 levels left

rFire   x . .      SeeInvis .   a - +0 hand axe
rCold   + . .      Faith    .   (no shield)
rNeg    + + +      Spirit   .   g - +0 ring mail
rPois   ∞          Reflect  .   (no helmet)
rElec   .          Harm     .   (no cloak)
rCorr   .          Rampage  .   (no gloves)
Will    .....                   (no boots)
Stlth   ++........              (no amulet)
HPRegen 0.14/turn               (no ring)
MPRegen 0.09/turn               (no ring)

@: very slightly contaminated
A: cold resistance 1, negative energy resistance 3, torment resistance 2, heat
vulnerability 1, no potions
a: no special abilities


You were on level 4 of the Dungeon.
You visited 1 branch of the dungeon, and saw 5 of its levels.

You collected 122 gold pieces.

Inventory:

Hand Weapons
 a - a +0 hand axe (weapon)
 h - a +0 dagger of flaming
 n - a +0 dagger
Missiles
 i - 99 stones
 k - 39 bolts
 l - 38 sling bullets
 o - 3 boomerangs (quivered)
Armour
 b - a +0 leather armour
 g - a +0 ring mail (worn)
Wands
 f - a wand of digging (3)
Scrolls
 c - 2 scrolls of fog
 d - a scroll of magic mapping
 e - 2 scrolls of fear
 j - a scroll of teleportation {unknown}
 m - a scroll of identify {unknown}


   Skills:
 + Level 3.8 Fighting
 + Level 2.5 Axes
 + Level 2.5 Dodging
 + Level 4.6 Stealth


You had 3 spell levels left.
You knew the following spells:

 Your Spells              Type           Power      Damage    Failure   Level
a - Foxfire               Conj/Fire      0%         2x1d4     61%         1

Your spell library contained the following spells:

 Spells                   Type           Power      Damage    Failure   Level
 Animate Skeleton         Necr           0%         N/A       61%         1
 Pain                     Necr           0%         1d4       61%         1
 Static Discharge         Conj/Air       0%         N/A       75%         2
 Conjure Flame            Conj/Fire      0%         6-21      93%         3
 Inner Flame              Hex/Fire       0%         N/A       93%         3
 Vampiric Draining        Necr           0%         2d6       93%         3
 Dispel Undead            Necr           0%         3d6       100%        4
 Flame Wave               Conj/Fire      0%         2d4       100%        4
 Sticky Flame             Conj/Fire      0%         2d3       100%        4


Dungeon Overview and Level Annotations

Branches:
Dungeon (5/15)
 Temple: D:4-7

Altars:

Shops:
D:2 *


Innate Abilities, Weirdness & Mutations

You are immune to poison.
Your flesh is cold resistant. (rC+)
You are immune to negative energy. (rN+++)
You are immune to unholy pain and torment.
You are vulnerable to heat. (rF-)
You do not drink.


Message History

Your foxfire dissipates!
You open the door.
There is an open door here.
You see here a +0 club.
There is an open door here.
There is a stone staircase leading down here.
There is a stone staircase leading down here.
Done exploring.
(D) Dungeon
Where to? (Enter - D:4, ? - help)
There is a stone staircase leading down here.
You climb downwards.
There is a stone staircase leading up here.
There are monsters nearby!
Casting: Foxfire (safe; 61% risk of failure)
Confirm with . or Enter, or press ? or * to list all spells.
You conjure some foxfire!
The foxfire hits the jelly.
The jelly is moderately wounded.
The jelly quivers.
The foxfire hits the iguana but does no damage.
The iguana hisses angrily.
Casting: Foxfire (safe; 61% risk of failure)
Confirm with . or Enter, or press ? or * to list all spells.
You miscast Foxfire.
You are very lightly contaminated with residual magic.
Nothing appears to happen.
The iguana barely misses you. The jelly hits you.
You are splashed with acid!
The iguana barely misses you.
You hit the jelly.
Your hands burn!
The jelly is heavily wounded.
You hit the iguana but do no damage. The jelly hits you.
You are splashed with acid!
The iguana bites you!
* * * LOW HITPOINT WARNING * * *
You hit the jelly.
Your hands burn!
* * * LOW HITPOINT WARNING * * *
The jelly is severely wounded.
You hit the iguana. The jelly hits you.
* * * LOW HITPOINT WARNING * * *
You are splashed with acid!
You die...

.. ..
#. .#
#. .#
#.#+#.#
#.....#
#.....#
#..J..#
#..@l.#
##....#
######


You could see an iguana and a jelly.

Vanquished Creatures
  A hound (D:3)
  A howler monkey skeleton (D:3)
  4 adders
  3 dart slugs
  4 orcs (D:3)
  4 endoplasms
  A giant cockroach (D:3)
  7 goblins
  5 hobgoblins
  3 jackals (D:2)
  4 kobolds
  3 quokkas
  2 ball pythons (D:2)
  7 bats
  5 frilled lizards
  7 rats
61 creatures vanquished.

Vanquished Creatures (others)
  10 foxfires
10 creatures vanquished.

Grand Total: 71 creatures vanquished

Notes
Turn   | Place    | Note
-------+----------+-------------------------------------------
     0 | D:5      | croobank the Mummy Delver began the quest for the Orb.
     0 | D:5      | Reached XP level 1. HP: 18/18 MP: 1/1
    77 | D:3      | Reached XP level 2. HP: 10/24 MP: 2/2
   700 | D:2      | Reached XP level 3. HP: 12/29 MP: 3/3
  1026 | D:1      | Learned a level 1 spell: Foxfire
  1494 | D:3      | Reached XP level 4. HP: 26/35 MP: 4/4
  2108 | D:2      | Found Omeebale's General Store.
  2808 | D:3      | Reached XP level 5. HP: 42/42 MP: 2/5
  3039 | D:4      | Splashed by a jelly's acid

Illustrated notes

Levels and vault maps discovered:
D:1:      dpeg_arrival_chambers_temple_mockup, layout_basic
D:2:      layout_basic, serial_shops, nicolae_diamond_shop
D:3:      minmay_chambers_of_twos, layout_loops_cross,
          kennysheep_cross_bottleneck, kennysheep_generic_room_9
D:4:      layout_basic, serial_shops, nicolae_shop_behind_doors, uniq_robin
D:5:      minmay_clustersquares, layout_layer_cave,
          minmay_a_box_with_orc_wizards_in_it, uniq_duvessa

Skill      XL: |  1  2 |
---------------+-------+-----
Axes           | 2 |  2.5
Dodging        | 2 |  2.5
Fighting       | |  3.8
Stealth        | |  4.6

Action                   |  1- 3 |  4- 6 || total
-------------------------+-------+-------++-------
Melee: Hand axe          |   110 |    93 ||   203
       Punch             |     2 |       ||     2
Throw: Boomerang         |       |     4 ||     4
 Cast: Foxfire           |       |     7 ||     7
 Stab: Sleeping          |     9 |     2 ||    11
Armor: Leather armour    |     5 |       ||     5
       Ring mail         |    61 |    35 ||    96
Dodge: Dodged            |    90 |    63 ||   153

Table legend: (Time is in decaauts)
 A = Elapsed time spent in this place.
 B = Non-inter-level travel time spent in this place.
 C = Inter-level travel time spent in this place.
 D = Time resting spent in this place.
 E = Time spent auto-exploring this place.
 F = Levels seen in this place.
 G = Mean time per level.
                   A        B        C        D        E       F      G
               +--------+--------+--------+--------+--------+-----+--------+
         Total |   3084 |   2938 |    146 |    453 |   1663 |   5 |  616.8 |
       Dungeon |   3084 |   2938 |    146 |    453 |   1663 |   5 |  616.8 |
               +--------+--------+--------+--------+--------+-----+--------+

Top non-repeatable levels by time:
     D:3: 1389 daAuts
     D:2: 1130 daAuts
     D:1: 533 daAuts
     D:5: 20 daAuts
     D:4: 10 daAuts
